WCHLSIM.com - West Coast Hockey League
html PUBLIC "-//W3C//DTD XHTML 1.0 Transitional//EN" "http://www.w3.org/TR/xhtml1/DTD/xhtml1-transitional.dtd"> WCHL - Game 733 - BANFF WOLVES vs SAN DIEGO THUNDER

BANFF WOLVES vs SAN DIEGO THUNDER

Created - 26 janvier 2024 at 08:14

Goals
1 2 3 T
BANFF WOLVES 1 0 1 2
SAN DIEGO THUNDER 3 0 1 4
Shots
1 2 3 T
BANFF WOLVES 17 11 10 38
SAN DIEGO THUNDER 5 1 6 12

1st period

1. SAN DIEGO THUNDER , Mark Kastelic 1 (Adam Boqvist 9) at 5:44
2. BANFF WOLVES , Adam Henrique 6 (Miro Heiskanen 25, Joel Eriksson Ek 30) at 8:31
3. SAN DIEGO THUNDER , Joel Farabee 14 (Dmitri Voronkov 1, Wyatt Johnston 18) at 11:38
4. SAN DIEGO THUNDER , Derek Forbort 2 (Filip Zadina 2, Connor Murphy 10) at 18:07

Penalties :
Derek Forbort (SDG) for Tripping (Minor) at 15:13

2nd period

No Goal

Penalties :
Erik Cernak (SDG) for Holding (Minor) at 0:07, Erik Cernak (SDG) for Tripping (Minor) at 4:19, Erik Cernak (SDG) for Holding (Minor) at 17:13

3rd period

5. BANFF WOLVES , Mats Zuccarello 22 (Elias Lindholm 30, Quinton Hughes 36) at 10:12
6. SAN DIEGO THUNDER , Erik Cernak 3 (Drake Batherson 20, Charles McAvoy 29) at 15:14

Penalties :
Mats Zuccarello (BAN) for Hooking (Minor) at 0:37, Erik Cernak (SDG) for High sticking (Minor) at 6:59

Goalie Stats

Jordan Binnington (BAN), 8 saves from 12 shots - (0,667), L, 24-5-3, 60:00 minutes
Connor Hellebuyck (SDG), 36 saves from 38 shots - (0,947), W, 18-17-3, 60:00 minutes

Players Stats for BANFF WOLVES

Player Name              G  A  P  +/- PIM S  H  SB GA TA FO     MP     PP MP  PK MP  
------------------------------------------------------------------------------------
Adam Henrique            1  0  1   0  0   2  1  0  0  0  1/2    15:22   0:00   1:00 
Cam Fowler               0  0  0   1  0   2  0  1  0  0  0/0    18:41   0:00   1:00 
Elias Lindholm           0  1  1   1  0   2  1  0  0  0  25/28  22:45   5:16   1:00 
Eric Staal               0  0  0  -1  0   0  0  0  0  0  0/0     3:17   0:00   0:00 
Ian Cole                 0  0  0  -1  0   1  0  0  0  0  0/0    12:57   0:00   0:59 
Jason Dickinson          0  0  0  -1  0   0  1  0  0  0  1/2     4:16   0:00   0:59 
Joel Eriksson Ek         0  1  1  -1  0   4  2  0  0  0  18/25  22:39   4:39   0:59 
John Tavares             0  0  0  -2  0   9  0  0  0  0  0/0    18:37   4:39   0:00 
Jordan Staal             0  0  0  -2  0   1  0  0  0  0  12/16  13:58   0:00   0:00 
Logan O'Connor           0  0  0   0  0   0  0  0  0  0  0/0     0:00   0:00   0:00 
Mats Zuccarello          1  0  1   1  2   5  1  0  0  0  0/3    22:22   5:16   0:00 
Miro Heiskanen           0  1  1   1  0   4  1  0  0  0  0/0    23:05   3:54   0:59 
Quinton Hughes           0  1  1  -2  0   0  0  3  0  0  0/0    23:57   6:01   0:00 
Roman Josi               0  0  0  -2  0   2  0  1  0  0  0/0    25:28   6:01   1:00 
Roope Hintz              0  0  0   1  0   3  1  0  0  0  0/1    20:23   3:54   0:00 
Simon Benoit             0  0  0  -1  0   0  0  2  0  0  0/0    11:58   0:00   0:00 
Timo Meier               0  0  0   0  0   2  2  0  0  0  2/3    19:01   4:39   0:00 
Tyler Toffoli            0  0  0  -2  0   1  0  0  0  0  0/0    19:14   5:16   0:00 

Players Stats for SAN DIEGO THUNDER

Player Name              G  A  P  +/- PIM S  H  SB GA TA FO     MP     PP MP  PK MP  
------------------------------------------------------------------------------------
Adam Boqvist             0  1  1   1  0   0  2  1  0  0  0/0    13:02   0:00   0:30 
Alexandre Carrier        0  0  0   1  0   1  0  0  0  0  0/0    17:12   0:00   4:40 
Charles McAvoy           0  1  1   0  0   0  0  3  0  0  0/0    26:03   0:52   5:35 
Connor Murphy            0  1  1   1  0   0  1  2  0  0  0/0    22:46   1:07   5:41 
Denis Malgin             0  0  0   0  0   0  0  0  0  0  0/0     0:00   0:00   0:00 
Derek Forbort            1  0  1   1  2   2  1  3  0  0  0/0    19:41   1:07   2:37 
Dmitri Voronkov          0  1  1   1  0   0  2  0  0  0  3/12   20:21   0:54   5:00 
Drake Batherson          0  1  1   1  0   3  1  1  0  0  1/23   17:24   0:54   0:00 
Erik Cernak              1  0  1   0  8   1  1  2  0  0  0/0    21:11   0:52   0:47 
Evander Kane             0  0  0   1  0   0  2  0  0  0  0/1    16:30   0:00   0:00 
Filip Zadina             0  1  1   0  0   0  0  0  0  0  0/0    17:09   0:00   0:00 
Isac Lundestrom          0  0  0  -1  0   1  1  2  0  0  8/13   17:21   1:05   5:42 
Jake Neighbours          0  0  0   1  0   0  1  0  0  0  0/0    18:17   1:05   0:42 
Joel Farabee             1  0  1   1  0   1  0  0  0  0  0/5    19:34   0:54   4:13 
Mark Kastelic            1  0  1   1  0   2  2  0  0  0  4/8     6:35   0:00   0:00 
Michael Pezzetta         0  0  0   1  0   0  1  0  0  0  0/0     6:35   0:00   0:00 
Steven Lorentz           0  0  0  -1  0   0  3  0  0  0  0/0    10:34   0:00   0:00 
Wyatt Johnston           0  1  1   1  0   1  0  0  0  0  5/18   19:45   1:05   4:13 

3 Stars

1 - Connor Hellebuyck (SDG)
2 - Mark Kastelic (SDG)
3 - Joel Farabee (SDG)

Power Play

BANFF WOLVES - 0 on 5 Attempt(s) - 0,00%
SAN DIEGO THUNDER - 0 on 1 Attempt(s) - 0,00%

Penalty Kill

BANFF WOLVES - 1 on 1 Attempt(s) - 100,00% - Score 0 goal in Penalty Kill
SAN DIEGO THUNDER - 5 on 5 Attempt(s) - 100,00% - Score 0 goal in Penalty Kill

Team Stat

BANFF WOLVES - Hits : 10 - Faceoff Wins : 59 - Blocked Shots : 7 - Penalty Minutes : 2
SAN DIEGO THUNDER - Hits : 18 - Faceoff Wins : 21 - Blocked Shots : 14 - Penalty Minutes : 10

Official

Referees : Ryan Hersey and Mike Duco
Linesman : Shandor Alphonso and Trent Knorr

Game Notes

No Game Note

Finance

Level 1 -- Attendance: 5283 (84,26%) -- Ticket Income 924 525 $
Level 2 -- Attendance: 4698 (88,31%) -- Ticket Income 563 760 $
Level 3 -- Attendance: 1995 (95,45%) -- Ticket Income 199 500 $
Level 4 -- Attendance: 3767 (87,20%) -- Ticket Income 263 690 $
Luxury Box -- Attendance: 1000 (100,00%) -- Ticket Income 300 000 $
Total Attendance: 16743 (88,12%)
Total Ticket Income: 2 251 475 $
Other Expense: 22 515 $
Total Income: 2 228 960 $

BANFF WOLVES

5 vs 5 Forward 
   Center                   Left Wing                Right Wing               Time % Phy DF OF 
 1 Elias Lindholm           Roope Hintz              Mats Zuccarello          34     0   1  4  
 2 Joel Eriksson Ek         Adam Henrique            Timo Meier               32     0   1  4  
 3 Jordan Staal             John Tavares             Tyler Toffoli            29     0   1  4  
 4 Joel Eriksson Ek         Jason Dickinson          Eric Staal               5      0   4  1  

5 vs 5 Defense 
   Defense                  Defense                                           Time % Phy DF OF 
 1 Quinton Hughes           Roman Josi                                        41     0   1  4  
 2 Miro Heiskanen           Cam Fowler                                        41     0   1  4  
 3 Ian Cole                 Simon Benoit                                      9      1   3  1  
 4 Roman Josi               Miro Heiskanen                                    9      0   0  5  

PowerPlay Forward 
   Center                   Left Wing                Right Wing               Time % Phy DF OF 
 1 Elias Lindholm           Tyler Toffoli            Mats Zuccarello          60     0   0  5  
 2 Joel Eriksson Ek         John Tavares             Timo Meier               40     0   0  5  

PowerPlay Defense
   Defense                  Defense                                           Time % Phy DF OF 
 1 Quinton Hughes           Roman Josi                                        60     0   0  5  
 2 Miro Heiskanen           Roope Hintz                                       40     0   0  5  

Penalty Kill 4 Players Forward 
   Center                   Wing                     Time % Phy DF OF 
 1 Joel Eriksson Ek         Jason Dickinson          50     0   5  0  
 2 Elias Lindholm           Adam Henrique            50     0   5  0  

Penalty Kill 4 Players Defense
   Defense                  Defense                  Time % Phy DF OF 
 1 Miro Heiskanen           Ian Cole                 50     0   5  0  
 2 Roman Josi               Cam Fowler               50     0   5  0  

Penalty Kill - 3 Players Forward 
   Forward                                           Time % Phy DF OF 
 1 Elias Lindholm                                    50     0   5  0  
 2 Jason Dickinson                                   50     0   5  0  

Penalty Kill - 3 Players Defense
   Defense                  Defense                  Time % Phy DF OF 
 1 Cam Fowler               Roman Josi               50     0   5  0  
 2 Quinton Hughes           Miro Heiskanen           50     0   5  0  

4 vs 4 Forward 
   Center                   Wing                     Time % Phy DF OF 
 1 Elias Lindholm           John Tavares             55     0   1  4  
 2 Joel Eriksson Ek         Mats Zuccarello          45     0   1  4  

4 vs 4 Defense
   Defense                  Defense                  Time % Phy DF OF 
 1 Miro Heiskanen           Cam Fowler               55     0   1  4  
 2 Quinton Hughes           Roman Josi               45     0   1  4  

Last Minutes Offensive
   Center                   Left Wing                Right Wing               Defense                  Defense                  
   Elias Lindholm           Roope Hintz              Mats Zuccarello          Quinton Hughes           Roman Josi               

Last Minutes Defensive
   Center                   Left Wing                Right Wing               Defense                  Defense                  
   Elias Lindholm           Adam Henrique            Mats Zuccarello          Roman Josi               Miro Heiskanen           

Goaltenders
Starting : Jordan Binnington        
Backup : Jeremy Swayman           

Extra Forwards
Normal : John Tavares, Mats Zuccarello, Elias Lindholm - PP : Mats Zuccarello, John Tavares - PK : John Tavares
Extra Defensemen
Normal : Quinton Hughes, Miro Heiskanen, Roman Josi - PP : Quinton Hughes - PK : Roman Josi, Miro Heiskanen
Penalty Shots
John Tavares, Mats Zuccarello, Elias Lindholm, Roope Hintz, Joel Eriksson Ek
Custom OT Lines Forwards
John Tavares, Mats Zuccarello, Elias Lindholm, Roope Hintz, Joel Eriksson Ek, Adam Henrique, Tyler Toffoli, Jason Dickinson, Timo Meier, Jordan Staal
Custom OT Lines Defensemen
Quinton Hughes, Cam Fowler, Miro Heiskanen, Roman Josi, Simon Benoit

Scratches
Adam Erne (Healthy), Nick Leddy (Broken Bone (Right Leg) Injury)

SAN DIEGO THUNDER

5 vs 5 Forward 
   Center                   Left Wing                Right Wing               Time % Phy DF OF 
 1 Drake Batherson          Jake Neighbours          Evander Kane             36     1   1  3  
 2 Wyatt Johnston           Dmitri Voronkov          Joel Farabee             31     1   1  3  
 3 Isac Lundestrom          Steven Lorentz           Filip Zadina             23     1   1  3  
 4 Mark Kastelic            Michael Pezzetta         Filip Zadina             10     1   1  3  

5 vs 5 Defense 
   Defense                  Defense                                           Time % Phy DF OF 
 1 Charles McAvoy           Erik Cernak                                       36     1   2  2  
 2 Connor Murphy            Derek Forbort                                     31     1   2  2  
 3 Adam Boqvist             Alexandre Carrier                                 23     1   2  2  
 4 Charles McAvoy           Erik Cernak                                       10     1   2  2  

PowerPlay Forward 
   Center                   Left Wing                Right Wing               Time % Phy DF OF 
 1 Drake Batherson          Dmitri Voronkov          Joel Farabee             55     0   1  4  
 2 Wyatt Johnston           Isac Lundestrom          Jake Neighbours          45     0   1  4  

PowerPlay Defense
   Defense                  Defense                                           Time % Phy DF OF 
 1 Charles McAvoy           Erik Cernak                                       55     1   2  2  
 2 Connor Murphy            Derek Forbort                                     45     1   2  2  

Penalty Kill 4 Players Forward 
   Center                   Wing                     Time % Phy DF OF 
 1 Dmitri Voronkov          Isac Lundestrom          55     1   2  2  
 2 Joel Farabee             Wyatt Johnston           45     1   2  2  

Penalty Kill 4 Players Defense
   Defense                  Defense                  Time % Phy DF OF 
 1 Charles McAvoy           Erik Cernak              55     1   2  2  
 2 Connor Murphy            Derek Forbort            45     1   2  2  

Penalty Kill - 3 Players Forward 
   Forward                                           Time % Phy DF OF 
 1 Drake Batherson                                   55     1   2  2  
 2 Steven Lorentz                                    45     1   2  2  

Penalty Kill - 3 Players Defense
   Defense                  Defense                  Time % Phy DF OF 
 1 Charles McAvoy           Erik Cernak              55     1   2  2  
 2 Connor Murphy            Derek Forbort            45     1   2  2  

4 vs 4 Forward 
   Center                   Wing                     Time % Phy DF OF 
 1 Drake Batherson          Isac Lundestrom          55     1   2  2  
 2 Joel Farabee             Wyatt Johnston           45     1   2  2  

4 vs 4 Defense
   Defense                  Defense                  Time % Phy DF OF 
 1 Charles McAvoy           Erik Cernak              55     1   2  2  
 2 Connor Murphy            Derek Forbort            45     1   2  2  

Last Minutes Offensive
   Center                   Left Wing                Right Wing               Defense                  Defense                  
   Drake Batherson          Jake Neighbours          Joel Farabee             Charles McAvoy           Erik Cernak              

Last Minutes Defensive
   Center                   Left Wing                Right Wing               Defense                  Defense                  
   Drake Batherson          Jake Neighbours          Joel Farabee             Charles McAvoy           Erik Cernak              

Goaltenders
Starting : Connor Hellebuyck        
Backup : Akira Schmid             

Extra Forwards
Normal : Mark Kastelic, Steven Lorentz, Jake Neighbours - PP : Mark Kastelic, Steven Lorentz - PK : Jake Neighbours
Extra Defensemen
Normal : Adam Boqvist, Alexandre Carrier, Connor Murphy - PP : Adam Boqvist - PK : Alexandre Carrier, Connor Murphy
Penalty Shots
Drake Batherson, Jake Neighbours, Joel Farabee, Wyatt Johnston, Isac Lundestrom
Custom OT Lines Forwards
Drake Batherson, Jake Neighbours, Joel Farabee, Wyatt Johnston, Isac Lundestrom, Steven Lorentz, Dmitri Voronkov, Filip Zadina, Denis Malgin, Mark Kastelic
Custom OT Lines Defensemen
Charles McAvoy, Erik Cernak, Connor Murphy, Derek Forbort, Adam Boqvist

Scratches
Frank Vatrano (Healthy), Luke Kunin (Right Hand Injury)

% Time on Ice - BANFF WOLVES

Lines # - Real PCT - Wanted PCT - Time Play
Normal Forward
1 - 34% - 34% - 16:29
2 - 30% - 32% - 14:22
3 - 29% - 29% - 13:58
4 - 7% - 5% - 3:17
Normal Defense
1 - 37% - 41% - 17:56
2 - 37% - 41% - 17:41
3 - 25% - 9% - 11:58
4 - 1% - 9% - 0:31
PP Forward
1 - 53% - 60% - 5:16
2 - 47% - 40% - 4:39
PP Defense
1 - 61% - 60% - 6:01
2 - 39% - 40% - 3:54
PK Forward
1 - 50% - 50% - 0:59
2 - 50% - 50% - 1:00
PK Defense
1 - 50% - 50% - 0:59
2 - 50% - 50% - 1:00
PK3 Forward
1 - 0% - 50%
2 - 0% - 50%
PK3 Defense
1 - 0% - 50%
2 - 0% - 50%
44 Forward
1 - 0% - 55%
2 - 0% - 45%
44 Defense
1 - 0% - 55%
2 - 0% - 45%
Last Minute Offensive  - 0:00
Last Minute Defensive  - 0:00
Total
Forward - 60:00
Defense - 60:00

% Time on Ice - SAN DIEGO THUNDER

Lines # - Real PCT - Wanted PCT - Time Play
Normal Forward
1 - 34% - 36% - 16:30
2 - 30% - 31% - 14:27
3 - 22% - 23% - 10:34
4 - 14% - 10% - 6:35
Normal Defense
1 - 34% - 36% - 16:27
2 - 33% - 31% - 15:58
3 - 26% - 23% - 12:32
4 - 7% - 10% - 3:09
PP Forward
1 - 45% - 55% - 0:54
2 - 55% - 45% - 1:05
PP Defense
1 - 44% - 55% - 0:52
2 - 56% - 45% - 1:07
PK Forward
1 - 57% - 55% - 5:42
2 - 43% - 45% - 4:13
PK Defense
1 - 62% - 55% - 6:06
2 - 38% - 45% - 3:49
PK3 Forward
1 - 0% - 55%
2 - 0% - 45%
PK3 Defense
1 - 0% - 55%
2 - 0% - 45%
44 Forward
1 - 0% - 55%
2 - 0% - 45%
44 Defense
1 - 0% - 55%
2 - 0% - 45%
Last Minute Offensive  - 0:00
Last Minute Defensive  - 0:00
Total
Forward - 60:00
Defense - 60:00

Play-by-Play

1st period


0:01 of 1st period - Elias Lindholm wins face-off versus Drake Batherson in neutral zone.
1:46 of 1st period - Icing by Dmitri Voronkov.
1:47 of 1st period - Jordan Staal wins face-off versus Wyatt Johnston in SAN DIEGO THUNDER zone.
1:47 of 1st period - Jordan Staal is hit by Connor Murphy.
2:03 of 1st period - Shot by Tyler Toffoli.
2:03 of 1st period - Stopped by Connor Hellebuyck without a rebound.
2:04 of 1st period - Isac Lundestrom wins face-off versus Joel Eriksson Ek in SAN DIEGO THUNDER zone.
2:21 of 1st period - Shot by Adam Henrique.
2:21 of 1st period - Shot Misses the Net.
2:41 of 1st period - Adam Boqvist is hit by Joel Eriksson Ek and loses puck.
3:54 of 1st period - Roman Josi is hit by Jake Neighbours.
4:54 of 1st period - Mats Zuccarello is hit by Dmitri Voronkov.
4:58 of 1st period - Shot by Roope Hintz.
4:58 of 1st period - Shot Blocked by Derek Forbort.
5:08 of 1st period - Shot by Roope Hintz.
5:08 of 1st period - Shot Blocked by Derek Forbort.
5:36 of 1st period - Shot by John Tavares.
5:36 of 1st period - Stopped by Connor Hellebuyck without a rebound.
5:37 of 1st period - Mark Kastelic wins face-off versus Joel Eriksson Ek in SAN DIEGO THUNDER zone.
5:44 of 1st period - Shot by Mark Kastelic.
5:44 of 1st period - Goal by Mark Kastelic - BANFF WOLVES : 0 - SAN DIEGO THUNDER : 1.
5:45 of 1st period - Mark Kastelic wins face-off versus Joel Eriksson Ek in neutral zone.
6:52 of 1st period - Shot by John Tavares.
6:52 of 1st period - Stopped by Connor Hellebuyck without a rebound.
6:53 of 1st period - Elias Lindholm wins face-off versus Drake Batherson in SAN DIEGO THUNDER zone.
6:56 of 1st period - Shot by Mats Zuccarello.
6:56 of 1st period - Stopped by Connor Hellebuyck with a rebound.
6:58 of 1st period - Shot by Elias Lindholm.
6:58 of 1st period - Shot Misses the Net.
7:00 of 1st period - Shot by Mats Zuccarello.
7:00 of 1st period - Shot Blocked by Drake Batherson.
7:02 of 1st period - Shot by Ian Cole.
7:02 of 1st period - Stopped by Connor Hellebuyck without a rebound.
7:03 of 1st period - Jordan Staal wins face-off versus Drake Batherson in SAN DIEGO THUNDER zone.
7:14 of 1st period - Shot by Drake Batherson.
7:14 of 1st period - Shot Blocked by Quinton Hughes.
7:20 of 1st period - Shot by Drake Batherson.
7:20 of 1st period - Shot Misses the Net.
7:22 of 1st period - Shot by Adam Boqvist.
7:22 of 1st period - Shot Blocked by Quinton Hughes.
7:51 of 1st period - John Tavares is hit by Adam Boqvist.
8:04 of 1st period - Icing by Evander Kane.
8:05 of 1st period - Joel Eriksson Ek wins face-off versus Drake Batherson in SAN DIEGO THUNDER zone.
8:12 of 1st period - Shot by Joel Eriksson Ek.
8:12 of 1st period - Stopped by Connor Hellebuyck without a rebound.
8:13 of 1st period - Timo Meier wins face-off versus Isac Lundestrom in SAN DIEGO THUNDER zone.
8:21 of 1st period - Icing by Charles McAvoy.
8:22 of 1st period - Joel Eriksson Ek wins face-off versus Isac Lundestrom in SAN DIEGO THUNDER zone.
8:29 of 1st period - Shot by Adam Henrique.
8:29 of 1st period - Shot Misses the Net.
8:31 of 1st period - Shot by Adam Henrique.
8:31 of 1st period - Goal by Adam Henrique - BANFF WOLVES : 1 - SAN DIEGO THUNDER : 1.
8:32 of 1st period - Elias Lindholm wins face-off versus Wyatt Johnston in neutral zone.
8:35 of 1st period - Charles McAvoy is hit by Elias Lindholm and loses puck.
9:02 of 1st period - Off-side.
9:03 of 1st period - Isac Lundestrom wins face-off versus Joel Eriksson Ek in neutral zone.
9:24 of 1st period - Joel Eriksson Ek is hit by Steven Lorentz and loses puck.
10:06 of 1st period - Icing by Erik Cernak.
10:07 of 1st period - Elias Lindholm wins face-off versus Drake Batherson in SAN DIEGO THUNDER zone.
10:25 of 1st period - Off-side.
10:26 of 1st period - Jordan Staal wins face-off versus Wyatt Johnston in neutral zone.
10:35 of 1st period - Shot by John Tavares.
10:35 of 1st period - Shot Misses the Net.
10:39 of 1st period - Shot by John Tavares.
10:39 of 1st period - Shot Misses the Net.
10:41 of 1st period - Shot by Roman Josi.
10:41 of 1st period - Stopped by Connor Hellebuyck without a rebound.
10:42 of 1st period - Mark Kastelic wins face-off versus Elias Lindholm in SAN DIEGO THUNDER zone.
11:02 of 1st period - Shot by Cam Fowler.
11:02 of 1st period - Stopped by Connor Hellebuyck without a rebound.
11:03 of 1st period - Jordan Staal wins face-off versus Wyatt Johnston in SAN DIEGO THUNDER zone.
11:28 of 1st period - Shot by John Tavares.
11:28 of 1st period - Shot Misses the Net.
11:38 of 1st period - Shot by Joel Farabee.
11:38 of 1st period - Goal by Joel Farabee - BANFF WOLVES : 1 - SAN DIEGO THUNDER : 2.
11:39 of 1st period - Joel Eriksson Ek wins face-off versus Drake Batherson in neutral zone.
11:48 of 1st period - Shot by Adam Henrique.
11:48 of 1st period - Stopped by Connor Hellebuyck without a rebound.
11:49 of 1st period - Elias Lindholm wins face-off versus Mark Kastelic in SAN DIEGO THUNDER zone.
11:56 of 1st period - Shot by Mats Zuccarello.
11:56 of 1st period - Stopped by Connor Hellebuyck without a rebound.
11:57 of 1st period - Joel Eriksson Ek wins face-off versus Drake Batherson in SAN DIEGO THUNDER zone.
12:10 of 1st period - Shot by Timo Meier.
12:10 of 1st period - Shot Misses the Net.
12:14 of 1st period - Shot by Timo Meier.
12:14 of 1st period - Shot Blocked by Erik Cernak.
12:16 of 1st period - Shot by Joel Eriksson Ek.
12:16 of 1st period - Stopped by Connor Hellebuyck without a rebound.
12:17 of 1st period - Isac Lundestrom wins face-off versus Roope Hintz in SAN DIEGO THUNDER zone.
12:36 of 1st period - Isac Lundestrom is hit by Roope Hintz and loses puck.
12:57 of 1st period - Quinton Hughes is hit by Steven Lorentz and loses puck.
13:18 of 1st period - Miro Heiskanen is hit by Evander Kane and loses puck.
13:31 of 1st period - Shot by John Tavares.
13:31 of 1st period - Shot Misses the Net.
13:37 of 1st period - Shot by Tyler Toffoli.
13:37 of 1st period - Deflect By John Tavares.
13:37 of 1st period - Stopped by Connor Hellebuyck without a rebound.
13:38 of 1st period - Dmitri Voronkov wins face-off versus Joel Eriksson Ek in SAN DIEGO THUNDER zone.
13:45 of 1st period - Shot by Timo Meier.
13:45 of 1st period - Stopped by Connor Hellebuyck without a rebound.
13:46 of 1st period - Joel Eriksson Ek wins face-off versus Wyatt Johnston in SAN DIEGO THUNDER zone.
13:46 of 1st period - Joel Eriksson Ek is hit by Adam Boqvist.
14:53 of 1st period - Roman Josi is hit by Michael Pezzetta and loses puck.
15:02 of 1st period - Shot by Mark Kastelic.
15:02 of 1st period - Stopped by Jordan Binnington without a rebound.
15:03 of 1st period - Elias Lindholm wins face-off versus Drake Batherson in BANFF WOLVES zone.
15:13 of 1st period - Minor Penalty to Derek Forbort for Tripping.
15:14 of 1st period - Elias Lindholm wins face-off versus Dmitri Voronkov in SAN DIEGO THUNDER zone.
15:57 of 1st period - Shot by Mats Zuccarello.
15:57 of 1st period - Shot Misses the Net.
16:01 of 1st period - Shot by Elias Lindholm.
16:01 of 1st period - Stopped by Connor Hellebuyck without a rebound.
16:02 of 1st period - Wyatt Johnston wins face-off versus Joel Eriksson Ek in SAN DIEGO THUNDER zone.
16:14 of 1st period - Icing by Miro Heiskanen.
16:15 of 1st period - Joel Eriksson Ek wins face-off versus Joel Farabee in BANFF WOLVES zone.
16:26 of 1st period - Shot by Miro Heiskanen.
16:26 of 1st period - Stopped by Connor Hellebuyck without a rebound.
16:27 of 1st period - Elias Lindholm wins face-off versus Dmitri Voronkov in SAN DIEGO THUNDER zone.
16:37 of 1st period - Icing by Quinton Hughes.
16:38 of 1st period - Elias Lindholm wins face-off versus Joel Farabee in BANFF WOLVES zone.
17:37 of 1st period - Off-side.
17:38 of 1st period - Joel Eriksson Ek wins face-off versus Mark Kastelic in neutral zone.
18:03 of 1st period - Shot by Connor Murphy.
18:03 of 1st period - Shot Misses the Net.
18:05 of 1st period - Shot by Filip Zadina.
18:05 of 1st period - Shot Misses the Net.
18:07 of 1st period - Shot by Derek Forbort.
18:07 of 1st period - Goal by Derek Forbort - BANFF WOLVES : 1 - SAN DIEGO THUNDER : 3.
18:08 of 1st period - Elias Lindholm wins face-off versus Drake Batherson in neutral zone.
18:25 of 1st period - Shot by Drake Batherson.
18:25 of 1st period - Stopped by Jordan Binnington without a rebound.
18:26 of 1st period - Jordan Staal wins face-off versus Wyatt Johnston in BANFF WOLVES zone.
18:33 of 1st period - Shot by John Tavares.
18:33 of 1st period - Stopped by Connor Hellebuyck without a rebound.
18:34 of 1st period - Isac Lundestrom wins face-off versus Elias Lindholm in SAN DIEGO THUNDER zone.
19:32 of 1st period - Icing by Erik Cernak.
19:33 of 1st period - Isac Lundestrom wins face-off versus Jordan Staal in SAN DIEGO THUNDER zone.
Goals for this period are 1 for BANFF WOLVES vs 3 for SAN DIEGO THUNDER.
Shots for this period are 17 for BANFF WOLVES vs 5 for SAN DIEGO THUNDER.

2nd period


0:01 of 2nd period - Joel Eriksson Ek wins face-off versus Wyatt Johnston in neutral zone.
0:07 of 2nd period - Minor Penalty to Erik Cernak for Holding.
0:08 of 2nd period - Dmitri Voronkov wins face-off versus Mats Zuccarello in SAN DIEGO THUNDER zone.
1:24 of 2nd period - Shot by Miro Heiskanen.
1:24 of 2nd period - Shot Misses the Net.
1:26 of 2nd period - Shot by Miro Heiskanen.
1:26 of 2nd period - Stopped by Connor Hellebuyck without a rebound.
1:27 of 2nd period - Joel Eriksson Ek wins face-off versus Dmitri Voronkov in SAN DIEGO THUNDER zone.
2:19 of 2nd period - Shot by Mats Zuccarello.
2:19 of 2nd period - Shot Hit the Post.
2:44 of 2nd period - Off-side.
2:45 of 2nd period - Jordan Staal wins face-off versus Mark Kastelic in neutral zone.
4:12 of 2nd period - Shot by Joel Eriksson Ek.
4:12 of 2nd period - Shot Misses the Net.
4:19 of 2nd period - Minor Penalty to Erik Cernak for Tripping.
4:20 of 2nd period - Elias Lindholm wins face-off versus Dmitri Voronkov in SAN DIEGO THUNDER zone.
4:27 of 2nd period - Shot by Mats Zuccarello.
4:27 of 2nd period - Shot Blocked by Isac Lundestrom.
5:23 of 2nd period - Shot by Roope Hintz.
5:23 of 2nd period - Shot Blocked by Connor Murphy.
5:39 of 2nd period - Shot by Miro Heiskanen.
5:39 of 2nd period - Stopped by Connor Hellebuyck without a rebound.
5:40 of 2nd period - Elias Lindholm wins face-off versus Dmitri Voronkov in SAN DIEGO THUNDER zone.
5:51 of 2nd period - Shot by Roman Josi.
5:51 of 2nd period - Stopped by Connor Hellebuyck without a rebound.
5:52 of 2nd period - Timo Meier wins face-off versus Joel Farabee in SAN DIEGO THUNDER zone.
6:34 of 2nd period - Shot by Evander Kane.
6:34 of 2nd period - Shot Misses the Net.
6:36 of 2nd period - Shot by Adam Boqvist.
6:36 of 2nd period - Shot Misses the Net.
6:42 of 2nd period - Shot by Drake Batherson.
6:42 of 2nd period - Deflect By Evander Kane.
6:42 of 2nd period - Shot Misses the Net.
6:48 of 2nd period - Shot by Evander Kane.
6:48 of 2nd period - Deflect By Drake Batherson.
6:48 of 2nd period - Shot Misses the Net.
6:50 of 2nd period - Shot by Alexandre Carrier.
6:50 of 2nd period - Stopped by Jordan Binnington without a rebound.
6:51 of 2nd period - Jordan Staal wins face-off versus Mark Kastelic in BANFF WOLVES zone.
6:53 of 2nd period - Quinton Hughes is hit by Mark Kastelic and loses puck.
7:50 of 2nd period - Shot by Joel Eriksson Ek.
7:50 of 2nd period - Shot Misses the Net.
7:52 of 2nd period - Shot by Cam Fowler.
7:52 of 2nd period - Stopped by Connor Hellebuyck without a rebound.
7:53 of 2nd period - Adam Henrique wins face-off versus Drake Batherson in SAN DIEGO THUNDER zone.
8:53 of 2nd period - Off-side.
8:54 of 2nd period - Isac Lundestrom wins face-off versus Mats Zuccarello in neutral zone.
9:24 of 2nd period - Shot by Mats Zuccarello.
9:24 of 2nd period - Stopped by Connor Hellebuyck without a rebound.
9:25 of 2nd period - Jordan Staal wins face-off versus Wyatt Johnston in SAN DIEGO THUNDER zone.
9:29 of 2nd period - Icing by Connor Murphy.
9:30 of 2nd period - Wyatt Johnston wins face-off versus Jordan Staal in SAN DIEGO THUNDER zone.
9:48 of 2nd period - Shot by Wyatt Johnston.
9:48 of 2nd period - Shot Misses the Net.
11:42 of 2nd period - Icing by Roman Josi.
11:43 of 2nd period - Joel Eriksson Ek wins face-off versus Isac Lundestrom in BANFF WOLVES zone.
11:43 of 2nd period - Joel Eriksson Ek is hit by Steven Lorentz.
12:10 of 2nd period - Shot by Isac Lundestrom.
12:10 of 2nd period - Shot Misses the Net.
13:08 of 2nd period - Shot by Wyatt Johnston.
13:08 of 2nd period - Shot Blocked by Simon Benoit.
13:53 of 2nd period - Off-side.
13:54 of 2nd period - Elias Lindholm wins face-off versus Drake Batherson in neutral zone.
13:57 of 2nd period - Shot by Roope Hintz.
13:57 of 2nd period - Deflect By Mats Zuccarello.
13:57 of 2nd period - Shot Blocked by Charles McAvoy.
13:59 of 2nd period - Shot by Miro Heiskanen.
13:59 of 2nd period - Stopped by Connor Hellebuyck without a rebound.
14:00 of 2nd period - Elias Lindholm wins face-off versus Dmitri Voronkov in SAN DIEGO THUNDER zone.
14:59 of 2nd period - Icing by Derek Forbort.
15:00 of 2nd period - Joel Eriksson Ek wins face-off versus Drake Batherson in SAN DIEGO THUNDER zone.
15:03 of 2nd period - Shot by Joel Eriksson Ek.
15:03 of 2nd period - Stopped by Connor Hellebuyck without a rebound.
15:04 of 2nd period - Joel Eriksson Ek wins face-off versus Isac Lundestrom in SAN DIEGO THUNDER zone.
15:27 of 2nd period - Shot by Joel Eriksson Ek.
15:27 of 2nd period - Shot Blocked by Derek Forbort.
15:29 of 2nd period - Shot by Joel Eriksson Ek.
15:29 of 2nd period - Shot Misses the Net.
16:09 of 2nd period - Off-side.
16:10 of 2nd period - Elias Lindholm wins face-off versus Drake Batherson in neutral zone.
16:16 of 2nd period - Miro Heiskanen is hit by Evander Kane and loses puck.
16:44 of 2nd period - Icing by Charles McAvoy.
16:45 of 2nd period - Jordan Staal wins face-off versus Drake Batherson in SAN DIEGO THUNDER zone.
16:54 of 2nd period - Shot by Tyler Toffoli.
16:54 of 2nd period - Shot Misses the Net.
17:03 of 2nd period - Ian Cole is hit by Erik Cernak and loses puck.
17:13 of 2nd period - Minor Penalty to Erik Cernak for Holding.
17:14 of 2nd period - Elias Lindholm wins face-off versus Dmitri Voronkov in SAN DIEGO THUNDER zone.
17:27 of 2nd period - Shot by Elias Lindholm.
17:27 of 2nd period - Deflect By Mats Zuccarello.
17:27 of 2nd period - Stopped by Connor Hellebuyck without a rebound.
17:28 of 2nd period - Dmitri Voronkov wins face-off versus Timo Meier in SAN DIEGO THUNDER zone.
17:28 of 2nd period - Dmitri Voronkov is hit by Joel Eriksson Ek.
18:52 of 2nd period - Shot by Miro Heiskanen.
18:52 of 2nd period - Shot Misses the Net.
18:54 of 2nd period - Shot by Miro Heiskanen.
18:54 of 2nd period - Shot Blocked by Charles McAvoy.
18:56 of 2nd period - Shot by Elias Lindholm.
18:56 of 2nd period - Stopped by Connor Hellebuyck with a rebound.
19:02 of 2nd period - Shot by Elias Lindholm.
19:02 of 2nd period - Deflect By Mats Zuccarello.
19:02 of 2nd period - Shot Blocked by Adam Boqvist.
19:04 of 2nd period - Shot by Roope Hintz.
19:04 of 2nd period - Stopped by Connor Hellebuyck without a rebound.
19:05 of 2nd period - Elias Lindholm wins face-off versus Joel Farabee in SAN DIEGO THUNDER zone.
19:17 of 2nd period - Icing by Drake Batherson.
19:18 of 2nd period - Elias Lindholm wins face-off versus Drake Batherson in SAN DIEGO THUNDER zone.
19:21 of 2nd period - Shot by Roope Hintz.
19:21 of 2nd period - Stopped by Connor Hellebuyck without a rebound.
19:22 of 2nd period - Elias Lindholm wins face-off versus Evander Kane in SAN DIEGO THUNDER zone.
19:35 of 2nd period - Shot by Mats Zuccarello.
19:35 of 2nd period - Shot Blocked by Charles McAvoy.
19:42 of 2nd period - Off-side.
19:43 of 2nd period - Jordan Staal wins face-off versus Wyatt Johnston in neutral zone.
Goals for this period are 0 for BANFF WOLVES vs 0 for SAN DIEGO THUNDER.
Shots for this period are 11 for BANFF WOLVES vs 1 for SAN DIEGO THUNDER.

3rd period


0:01 of 3rd period - Elias Lindholm wins face-off versus Wyatt Johnston in neutral zone.
0:18 of 3rd period - Erik Cernak is hit by Mats Zuccarello and loses puck.
0:37 of 3rd period - Minor Penalty to Mats Zuccarello for Hooking.
0:38 of 3rd period - Joel Eriksson Ek wins face-off versus Wyatt Johnston in BANFF WOLVES zone.
0:47 of 3rd period - Miro Heiskanen is hit by Isac Lundestrom and loses puck.
0:56 of 3rd period - Shot by Isac Lundestrom.
0:56 of 3rd period - Stopped by Jordan Binnington with a rebound.
0:58 of 3rd period - Shot by Connor Murphy.
0:58 of 3rd period - Shot Misses the Net.
1:00 of 3rd period - Shot by Derek Forbort.
1:00 of 3rd period - Stopped by Jordan Binnington without a rebound.
1:01 of 3rd period - Elias Lindholm wins face-off versus Drake Batherson in BANFF WOLVES zone.
1:01 of 3rd period - Elias Lindholm is hit by Dmitri Voronkov.
1:10 of 3rd period - Off-side.
1:11 of 3rd period - Jason Dickinson wins face-off versus Drake Batherson in neutral zone.
1:32 of 3rd period - Cam Fowler is hit by Drake Batherson and loses puck.
3:35 of 3rd period - Shot by Drake Batherson.
3:35 of 3rd period - Stopped by Jordan Binnington without a rebound.
3:36 of 3rd period - Wyatt Johnston wins face-off versus Joel Eriksson Ek in BANFF WOLVES zone.
4:20 of 3rd period - Shot by Joel Eriksson Ek.
4:20 of 3rd period - Shot Misses the Net.
4:22 of 3rd period - Shot by Joel Eriksson Ek.
4:22 of 3rd period - Stopped by Connor Hellebuyck without a rebound.
4:23 of 3rd period - Isac Lundestrom wins face-off versus Mats Zuccarello in SAN DIEGO THUNDER zone.
5:05 of 3rd period - Shot by Mats Zuccarello.
5:05 of 3rd period - Shot Misses the Net.
5:41 of 3rd period - Shot by John Tavares.
5:41 of 3rd period - Stopped by Connor Hellebuyck with a rebound.
5:43 of 3rd period - Shot by Jordan Staal.
5:43 of 3rd period - Shot Blocked by Connor Murphy.
5:45 of 3rd period - Shot by Jordan Staal.
5:45 of 3rd period - Stopped by Connor Hellebuyck without a rebound.
5:46 of 3rd period - Joel Eriksson Ek wins face-off versus Drake Batherson in SAN DIEGO THUNDER zone.
5:49 of 3rd period - Shot by Joel Eriksson Ek.
5:49 of 3rd period - Shot Blocked by Erik Cernak.
6:03 of 3rd period - Icing by Cam Fowler.
6:04 of 3rd period - Wyatt Johnston wins face-off versus Adam Henrique in BANFF WOLVES zone.
6:04 of 3rd period - Dmitri Voronkov is hit by Miro Heiskanen and loses puck.
6:39 of 3rd period - Shot by Wyatt Johnston.
6:39 of 3rd period - Shot Blocked by Cam Fowler.
6:45 of 3rd period - Shot by Dmitri Voronkov.
6:45 of 3rd period - Deflect By Wyatt Johnston.
6:45 of 3rd period - Stopped by Jordan Binnington with a rebound.
6:52 of 3rd period - Icing by Miro Heiskanen.
6:53 of 3rd period - Joel Eriksson Ek wins face-off versus Drake Batherson in BANFF WOLVES zone.
6:59 of 3rd period - Minor Penalty to Erik Cernak for High sticking.
7:00 of 3rd period - Elias Lindholm wins face-off versus Dmitri Voronkov in SAN DIEGO THUNDER zone.
7:32 of 3rd period - Icing by Roman Josi.
7:33 of 3rd period - Elias Lindholm wins face-off versus Dmitri Voronkov in BANFF WOLVES zone.
8:19 of 3rd period - Off-side.
8:20 of 3rd period - Joel Eriksson Ek wins face-off versus Joel Farabee in neutral zone.
9:17 of 3rd period - Icing by Ian Cole.
9:18 of 3rd period - Mark Kastelic wins face-off versus Jason Dickinson in BANFF WOLVES zone.
9:28 of 3rd period - Joel Eriksson Ek is hit by Mark Kastelic and loses puck.
9:35 of 3rd period - Derek Forbort is hit by Jason Dickinson and loses puck.
10:03 of 3rd period - Roope Hintz is hit by Derek Forbort and loses puck.
10:12 of 3rd period - Shot by Mats Zuccarello.
10:12 of 3rd period - Goal by Mats Zuccarello - BANFF WOLVES : 2 - SAN DIEGO THUNDER : 3.
10:13 of 3rd period - Jordan Staal wins face-off versus Drake Batherson in neutral zone.
10:21 of 3rd period - Shot by John Tavares.
10:21 of 3rd period - Stopped by Connor Hellebuyck without a rebound.
10:22 of 3rd period - Jordan Staal wins face-off versus Wyatt Johnston in SAN DIEGO THUNDER zone.
10:29 of 3rd period - Shot by John Tavares.
10:29 of 3rd period - Stopped by Connor Hellebuyck without a rebound.
10:30 of 3rd period - Elias Lindholm wins face-off versus Drake Batherson in SAN DIEGO THUNDER zone.
11:30 of 3rd period - Shot by Wyatt Johnston.
11:30 of 3rd period - Shot Blocked by Roman Josi.
11:32 of 3rd period - Shot by Joel Farabee.
11:32 of 3rd period - Shot Blocked by Quinton Hughes.
12:32 of 3rd period - Isac Lundestrom is hit by Adam Henrique and loses puck.
13:41 of 3rd period - Shot by Drake Batherson.
13:41 of 3rd period - Shot Misses the Net.
13:43 of 3rd period - Shot by Evander Kane.
13:43 of 3rd period - Shot Blocked by Simon Benoit.
15:06 of 3rd period - Icing by Tyler Toffoli.
15:07 of 3rd period - Drake Batherson wins face-off versus Jordan Staal in BANFF WOLVES zone.
15:12 of 3rd period - Shot by Drake Batherson.
15:12 of 3rd period - Stopped by Jordan Binnington with a rebound.
15:14 of 3rd period - Shot by Erik Cernak.
15:14 of 3rd period - Goal by Erik Cernak - BANFF WOLVES : 2 - SAN DIEGO THUNDER : 4.
15:15 of 3rd period - Elias Lindholm wins face-off versus Drake Batherson in neutral zone.
15:58 of 3rd period - Shot by Roope Hintz.
15:58 of 3rd period - Shot Misses the Net.
16:44 of 3rd period - Shot by Timo Meier.
16:44 of 3rd period - Stopped by Connor Hellebuyck without a rebound.
16:45 of 3rd period - Isac Lundestrom wins face-off versus Jordan Staal in SAN DIEGO THUNDER zone.
17:32 of 3rd period - Shot by John Tavares.
17:32 of 3rd period - Shot Blocked by Isac Lundestrom.
17:50 of 3rd period - Shot by Roope Hintz.
17:50 of 3rd period - Stopped by Connor Hellebuyck without a rebound.
17:51 of 3rd period - Joel Eriksson Ek wins face-off versus Wyatt Johnston in SAN DIEGO THUNDER zone.
18:02 of 3rd period - Charles McAvoy is hit by Timo Meier and loses puck.
18:28 of 3rd period - Erik Cernak is hit by Timo Meier and loses puck.
18:36 of 3rd period - Icing by Erik Cernak.
18:37 of 3rd period - Wyatt Johnston wins face-off versus Elias Lindholm in SAN DIEGO THUNDER zone.
19:37 of 3rd period - Shot by Jordan Staal.
19:37 of 3rd period - Deflect By John Tavares.
19:37 of 3rd period - Stopped by Connor Hellebuyck with a rebound.
19:39 of 3rd period - Shot by John Tavares.
19:39 of 3rd period - Shot Misses the Net.
19:51 of 3rd period - Shot by John Tavares.
19:51 of 3rd period - Stopped by Connor Hellebuyck without a rebound.
19:52 of 3rd period - Joel Eriksson Ek wins face-off versus Isac Lundestrom in SAN DIEGO THUNDER zone.
Goals for this period are 1 for BANFF WOLVES vs 1 for SAN DIEGO THUNDER.
Shots for this period are 10 for BANFF WOLVES vs 6 for SAN DIEGO THUNDER.


BLAKE
WHEELER
STEVEN
STAMKOS
DREW
DOUGHTY

EAST COAST

HOCKEY LEAGUE

  • 63.RHI2PIT5
  • 64.WOR4ATL3
  • 65.QUECHW
  • 66.CHATRV